 Dungeon Crawl Stone Soup version 0.31-a0-232-gb1c03b2570 (webtiles) character file.

Game seed: 13832488428049391287

7368 qw the Skirmisher (level 10, -6/91 HPs)
             Began as a Minotaur Hexslinger on July 7, 2023.
             Was an Elder of Okawaru.
             Mangled by a death yak (9 damage)
             ... on level 11 of the Dungeon.
             The game lasted 00:03:02 (7416 turns).

qw the Skirmisher (Minotaur Hexslinger)             Turns: 7416, Time: 00:03:03

Health: -6/91      AC: 15    Str: 12 (13) XL:     10   Next: 91%
Magic:  10/12      EV: 18    Int:  8 (10) God:    Okawaru [****..]
Gold:   271        SH:  0    Dex: 16 (17) Spells: 10/11 levels left

rFire   . . .        Y - +0 orcbow
rCold   . . .        (shield currently unavailable)
rNeg    . . .        a - +2 leather armour {Will+}
rPois   .            m - +2 hat
rElec   .            (no cloak)
rCorr   .            (no gloves)
SInv    .            d - +2 pair of boots
Will    +....        h - amulet of regeneration
Stlth   +++          g - +4 ring of protection
HPRegen 1.15/turn    (no ring)
MPRegen 0.13/turn

%: no passive effects
@: about to teleport, heroic
A: horns 2, retaliatory headbutt
a: Renounce Religion, Heroism, Finesse


You were on level 11 of the Dungeon.
You worshipped Okawaru.
Okawaru was greatly pleased with you.
You visited 2 branches of the dungeon, and saw 11 of its levels.

You collected 530 gold pieces.
You spent 259 gold pieces at shops.


Innate Abilities, Weirdness & Mutations

You have a pair of horns on your head.
You reflexively headbutt those who attack you in melee.


   Skills:
 - Level 9.5(14.5) Fighting
 + Level 13.4(18.4) Ranged Weapons
 - Level 2.1(7.1) Armour
 - Level 7.1(12.1) Dodging
 - Level 1.0 Spellcasting
 - Level 2.0 Hexes
 + Level 5.2 Invocations


You had 10 spell levels left.
You knew the following spells:

 Your Spells              Type           Power      Damage    Failure   Level
a - Slow                  Hex            12%        N/A       22%         1

Your spell library contained the following spells:

 Spells                   Type           Power      Damage    Failure   Level
 Inner Flame              Hex/Fire       2%         N/A       67%         3
 Portal Projectile        Hex/Tloc       4%         N/A       67%         3
 Cause Fear               Hex            1%         N/A       91%         4

Inventory:

Hand Weapons
 Y - a +0 orcbow (weapon)
Armour
 a - a +2 leather armour of willpower (worn)
 d - a +2 pair of boots (worn)
 m - a +2 hat (worn)
Jewellery
 g - a +4 ring of protection (left hand)
 h - an amulet of regeneration (around neck)
Scrolls
 b - 6 scrolls of teleportation
 k - 4 scrolls of identify
Potions
 c - a potion of enlightenment
 e - a potion of curing {unknown}
 f - a potion of magic
 j - a potion of mutation
 n - 2 potions of heal wounds
 p - a potion of cancellation

Dungeon Overview and Level Annotations

Branches:
Dungeon (9/15)             Temple (1/1) D:4
   Lair: D:8-11         Orc: D:9-12

Altars:
Ashenzari
Cheibriados
Dithmenos
Elyvilon
Fedhas
Gozag
Hepliaklqana
Kikubaaqudgha
Makhleb
Nemelex Xobeh
Okawaru
Qazlal
Ru
Sif Muna
Trog
Uskayaw
Vehumet
Wu Jian
Xom
Yredelemnul
Zin
The Shining One

Shops:
D:6 ?


Message History

The death yak is lightly wounded.
You shoot an arrow. The arrow hits the death yak!!
The death yak is heavily wounded.
A death yak comes into view.
The orc priest begins to cast a cantrip, but forgets the words!
The death yak closely misses you.
You shoot an arrow.
The arrow hits the death yak but does no damage.
The death yak is heavily wounded.
The death yak gores you.
A death yak comes into view.
You shoot an arrow. The death yak bellows!
The arrow hits the death yak!
The death yak is heavily wounded.
An orc wizard comes into view. It is wielding a +0 dagger.
You shoot an arrow. The orc wizard shouts!
The arrow hits the death yak.
The death yak is severely wounded.
You shoot an arrow. The arrow hits the death yak!
The death yak is severely wounded.
The death yak gores you but does no damage.
You shoot an arrow.
The arrow hits the death yak but does no damage.
The death yak is severely wounded.
The death yak gores you! The death yak gores you.
7415 ||| READING 7 scrolls of teleportation.
As you read the scroll of teleportation, it crumbles to dust.
You feel strangely unstable.
You feel like a meek peon again. The death yak barely misses you.
You furiously retaliate!
You headbutt the death yak!
The death yak gores you but does no damage.
The death yak completely misses you.
7416 ||| INVOKING Heroism.
You gain the combat prowess of a mighty hero.
The death yak gores you!! The death yak closely misses you.
The death yak gores you!
You die... ......... #....#.. #......# .[oo.. #### YHYY ..# ##. #YY

#.# .....##Y#########.##
......Y@Y.....##...#####
###..########....#......
# ####...##...
..........#.
#.####.###... #.# ##.#
#.# #.. #.# ### #.#


You could see 8 death yaks, a manticore, an orc priest and an orc wizard.

Vanquished Creatures
  Gastronok (D:8)
  Erica (D:8)
  A death yak (D:11)
  Amaemon (D:8)
  Pikel (D:8)
  An orange demon (D:8)
  A wyvern (D:8)
  Eustachio (D:5)
  3 yaks (D:11)
  Menkaure (D:5)
  A water moccasin (D:8)
  Duvessa (D:7)
  3 black bears
  2 orc warriors (D:7)
  3 ice beasts
  A sky beast (D:8)
  An ogre (D:4)
  2 centaurs
  3 lemures (D:8)
  A kobold brigand (D:7)
  A bullfrog (D:7)
  3 scorpions
  Dowan (D:7)
  6 wights (D:7)
  4 howler monkeys
  12 orc priests
  3 jellies
  3 hounds
  3 iguanas
  6 orc wizards
  2 adders
  2 shadow imps
  4 white imps
  An ufetubus (D:5)
  6 worms
  3 dart slugs
  21 orcs
  6 ball pythons
  5 endoplasms
  2 giant cockroaches
  7 goblins
  5 hobgoblins
  8 kobolds
  6 quokkas
  2 bats
  4 frilled lizards
  3 rats (D:1)
159 creatures vanquished.

Vanquished Creatures (collateral kills)
  An ufetubus (D:4)
1 creature vanquished.

Grand Total: 160 creatures vanquished

Notes
Turn   | Place    | Note
-------+----------+-------------------------------------------
     0 | D:1      | qw the Minotaur Hexslinger began the quest for the Orb.
     0 | D:1      | Reached XP level 1. HP: 16/16 MP: 1/1
     0 | D:1      | 0 ||| qw: Version: 0.3-a-46-gb1f654a
     0 | D:1      | 0 ||| qw: Game counter: 2551
     0 | D:1      | 0 ||| qw: Melee chars always use a shield: true
     0 | D:1      | 0 ||| qw: God list: Okawaru
     0 | D:1      | 0 ||| qw: Allow faded altars: false
     0 | D:1      | 0 ||| qw: Do Orc after clearing Dungeon:15 true
     0 | D:1      | 0 ||| qw: Do second Lair branch before Depths: true
     0 | D:1      | 0 ||| qw: Lair rune preference: random
     0 | D:1      | 0 ||| qw: Goals: Normal
     0 | D:1      | 0 ||| PLANNING D:1-11
   226 | D:1      | Reached skill level 3 in Ranged Weapons
   226 | D:1      | Reached XP level 2. HP: 23/23 MP: 2/2
   769 | D:1      | 769 ||| UPGRADING to +0 leather armour.
   779 | D:1      | 779 ||| DROPPING +0 robe.
   780 | D:1      | 780 ||| READING scroll labelled SEQ GOUNLATT.
   781 | D:1      | 781 ||| READING scroll labelled KEOFFE SADGHAIS.
   825 | D:1      | 825 ||| READING scroll labelled MOVO MANIOG.
   926 | D:1      | 926 ||| READING scroll labelled MAROJA TOIPH.
   927 | D:1      | 927 ||| READING 2 scrolls labelled XAUCOO XEMORAU.
   928 | D:1      | 928 ||| READING scroll labelled HENKOP DOUJUZE.
   929 | D:1      | 929 ||| DROPPING scroll of poison.
  1353 | D:2      | Reached XP level 3. HP: 29/29 MP: 3/3
  1367 | D:2      | Found a faded altar of an unknown god.
  1374 | D:2      | Found a glowing golden altar of the Shining One.
  1435 | D:2      | Reached skill level 4 in Ranged Weapons
  1545 | D:2      | 1545 ||| UPGRADING to +2 leather armour of willpower.
  1555 | D:2      | 1555 ||| DROPPING +0 leather armour.
  1556 | D:2      | 1556 ||| READING 2 scrolls labelled REOKENW GELIK.
  2097 | D:3      | Reached XP level 4. HP: 36/36 MP: 4/4
  2102 | D:3      | Reached skill level 5 in Ranged Weapons
  2375 | D:3      | 2375 ||| UPGRADING to +4 ring of protection.
  2376 | D:3      | 2376 ||| READING scroll labelled AREOGA COTEKAH.
  2377 | D:3      | 2377 ||| READING scroll labelled PEPUNWIHIONT.
  2466 | D:4      | Found a shimmering altar of Xom.
  2475 | D:4      | Noticed a black bear
  2484 | D:4      | Killed a black bear
  2485 | D:4      | Reached XP level 5. HP: 25/47 MP: 5/5
  2599 | D:4      | Found a staircase to the Ecumenical Temple.
  2600 | D:4      | 2600 ||| PLANNING TEMPLE
  2600 | D:4      | 2600 ||| READING scroll labelled AREAZU NUREDAO.
  2601 | D:4      | 2601 ||| DRINKING 2 glowing pink potions.
  2602 | D:4      | 2602 ||| DROPPING potion of invisibility.
  2605 | D:4      | Noticed an ogre
  2611 | D:4      | Killed an ogre
  2612 | D:4      | Reached skill level 6 in Ranged Weapons
  2612 | D:4      | Reached XP level 6. HP: 53/53 MP: 6/6
  2615 | Temple   | Entered the Ecumenical Temple
  2616 | Temple   | 2616 ||| PLANNING OKAWARU WORSHIP
  2832 | Temple   | Became a worshipper of Warmaster Okawaru
  2833 | Temple   | 2833 ||| PLANNING D:1-11
  3233 | D:4      | Reached skill level 7 in Ranged Weapons
  3250 | D:4      | 3250 ||| SWAPPING to +2 sling of flaming.
  3251 | D:4      | 3251 ||| DROPPING +1 sling of electrocution.
  3352 | D:4      | Reached * piety under Okawaru
  3353 | D:4      | Reached XP level 7. HP: 60/60 MP: 7/7
  3439 | D:4      | Found a blossoming altar of Fedhas.
  3440 | D:4      | Found a broken altar of Ashenzari.
  3448 | D:4      | Found a shadowy altar of Dithmenos.
  3448 | D:4      | Found a snail-covered altar of Cheibriados.
  3448 | D:4      | Found a glowing golden altar of the Shining One.
  3451 | D:4      | Found a shimmering blue altar of Sif Muna.
  3452 | D:4      | Found a hide-covered altar of Uskayaw.
  3481 | D:4      | 3481 ||| READING scroll labelled WETAFAD GINI.
  3482 | D:4      | 3482 ||| DRINKING 2 brown potions.
  3483 | D:4      | 3483 ||| DRINKING 2 coppery potions.
  3484 | D:4      | 3484 ||| DROPPING potion of attraction.
  3485 | D:4      | 3485 ||| DROPPING potion of brilliance.
  3498 | D:5      | Entered Level 5 of the Dungeon
  3552 | D:5      | Reached skill level 1 in Invocations
  3583 | D:5      | 3583 ||| INVOKING Heroism.
  3586 | D:5      | Reached skill level 8 in Ranged Weapons
  3846 | D:5      | Noticed Eustachio
  3847 | D:5      | 3847 ||| INVOKING Heroism.
  3870 | D:5      | Killed Eustachio
  3871 | D:5      | Reached skill level 6 in Fighting
  3872 | D:5      | Identified the +6 rapier of Bespelled Subterfuge {venom,
                  | rPois rCorr Int+3 Dex+3}
  3888 | D:5      | Noticed Menkaure
  3889 | D:5      | 3889 ||| INVOKING Heroism.
  3892 | D:5      | Killed Menkaure
  3893 | D:5      | Reached XP level 8. HP: 70/70 MP: 5/9
  3978 | D:5      | 3978 ||| INVOKING Heroism.
  3988 | D:5      | Reached skill level 3 in Dodging
  3994 | D:5      | Reached skill level 1 in Armour
  4121 | D:5      | 4121 ||| UPGRADING to amulet of regeneration.
  4126 | D:5      | 4126 ||| READING scroll labelled XOHES WICARRIC.
  4127 | D:5      | 4127 ||| READING 2 scrolls of identify.
  4127 | D:5      | 4127 ||| IDENTIFYING fizzy green potion
  4168 | D:6      | Found Obejohun's Magic Scroll Emporium.
  4175 | D:6      | 4175 ||| BUYING 3 scrolls of identify (84 gold).
  4175 | D:6      | Bought 3 scrolls of identify for 84 gold pieces
  4175 | D:6      | 4175 ||| BUYING scroll of enchant armour (105 gold).
  4175 | D:6      | Bought a scroll of enchant armour for 105 gold pieces
  4175 | D:6      | 4175 ||| BUYING scroll of identify (28 gold).
  4175 | D:6      | Bought a scroll of identify for 28 gold pieces
  4175 | D:6      | 4175 ||| BUYING scroll of teleportation (42 gold).
  4175 | D:6      | Bought a scroll of teleportation for 42 gold pieces
  4195 | D:6      | 4195 ||| INVOKING Heroism.
  4379 | D:6      | Reached skill level 3 in Invocations
  4403 | D:6      | 4403 ||| SWAPPING to +0 orcbow.
  4410 | D:6      | 4410 ||| DROPPING +3 sling of flaming.
  4424 | D:6      | Reached skill level 9 in Ranged Weapons
  4728 | D:6      | 4728 ||| INVOKING Heroism.
  4840 | D:6      | 4840 ||| READING scroll labelled MEARAGHOOR.
  4841 | D:6      | 4841 ||| READING scroll labelled LODO ISTRAIRUPT.
  4842 | D:6      | 4842 ||| DRINKING 3 yellow potions.
  4884 | D:6      | 4884 ||| READING 5 scrolls of identify.
  4884 | D:6      | 4884 ||| IDENTIFYING lumpy sapphire potion
  4885 | D:6      | 4885 ||| READING 4 scrolls of identify.
  4885 | D:6      | 4885 ||| IDENTIFYING amethyst potion
  4886 | D:6      | 4886 ||| DROPPING 2 potions of lignification.
  4903 | D:7      | 4903 ||| Stepping ~*~*~tactically~*~*~ (outnumbered).
  4904 | D:7      | 4904 ||| INVOKING Heroism.
  4993 | D:7      | Reached skill level 10 in Ranged Weapons
  5079 | D:7      | Noticed Dowan
  5080 | D:7      | Noticed Duvessa
  5080 | D:7      | 5080 ||| INVOKING Heroism.
  5093 | D:7      | Killed Duvessa
  5094 | D:7      | Reached XP level 9. HP: 43/75 MP: 9/11
  5097 | D:7      | Killed Dowan
  5097 | D:7      | Reached ** piety under Okawaru
  5236 | D:7      | Found an opulent altar of Gozag.
  5362 | D:7      | 5362 ||| INVOKING Heroism.
  5406 | D:7      | 5406 ||| INVOKING Heroism.
  5592 | D:7      | 5592 ||| INVOKING Heroism.
  5655 | D:7      | 5655 ||| Stepping ~*~*~tactically~*~*~ (outnumbered).
  5657 | D:7      | 5657 ||| INVOKING Heroism.
  5668 | D:7      | Reached skill level 11 in Ranged Weapons
  5683 | D:7      | Found a basalt altar of Yredelemnul.
  6013 | D:7      | 6013 ||| INVOKING Heroism.
  6237 | D:7      | 6237 ||| DROPPING +6 ring of intelligence.
  6316 | D:8      | Found a white marble altar of Elyvilon.
  6317 | D:8      | Found a glowing silver altar of Zin.
  6455 | D:8      | Noticed Gastronok
  6456 | D:8      | 6456 ||| INVOKING Heroism.
  6480 | D:8      | 6480 ||| INVOKING Heroism.
  6485 | D:8      | Killed Gastronok
  6485 | D:8      | Reached *** piety under Okawaru
  6486 | D:8      | Reached skill level 12 in Ranged Weapons
  6486 | D:8      | Reached XP level 10. HP: 86/86 MP: 9/12
  6656 | D:8      | Noticed Pikel
  6679 | D:8      | Killed Pikel
  6724 | D:8      | Noticed an orange demon
  6726 | D:8      | Noticed Amaemon
  6727 | D:8      | 6727 ||| INVOKING Heroism.
  6731 | D:8      | Killed an orange demon
  6732 | D:8      | Reached skill level 13 in Ranged Weapons
  6743 | D:8      | Killed Amaemon
  6744 | D:8      | Reached skill level 9 in Fighting
  6953 | D:8      | Noticed Erica
  6954 | D:8      | 6954 ||| INVOKING Heroism.
  6961 | D:8      | Killed Erica
  6961 | D:8      | Reached **** piety under Okawaru
  7079 | D:8      | 7079 ||| UPGRADING to +0 pair of boots.
  7084 | D:8      | 7084 ||| UPGRADING to +2 hat.
  7089 | D:8      | 7089 ||| READING 2 scrolls of enchant armour.
  7089 | D:8      | 7089 ||| ENCHANTING +0 pair of boots.
  7090 | D:8      | 7090 ||| READING scroll of enchant armour.
  7090 | D:8      | 7090 ||| ENCHANTING +1 pair of boots.
  7091 | D:8      | 7091 ||| READING scroll labelled XOBLIOGG XACZU.
  7092 | D:8      | 7092 ||| DRINKING 2 inky potions.
  7093 | D:8      | 7093 ||| READING 8 scrolls of identify.
  7093 | D:8      | 7093 ||| IDENTIFYING glowing red potion
  7094 | D:8      | 7094 ||| READING 7 scrolls of identify.
  7094 | D:8      | 7094 ||| IDENTIFYING blue potion
  7095 | D:8      | 7095 ||| READING 6 scrolls of identify.
  7095 | D:8      | 7095 ||| IDENTIFYING fizzy grey potion
  7096 | D:8      | 7096 ||| READING 5 scrolls of identify.
  7096 | D:8      | 7096 ||| IDENTIFYING viscous cyan potion
  7097 | D:8      | 7097 ||| DROPPING potion of ambrosia.
  7098 | D:8      | 7098 ||| DROPPING potion of berserk rage.
  7099 | D:8      | 7099 ||| DROPPING potion of degeneration.
  7152 | D:9      | You fall into a shaft and drop 2 floors!
  7165 | D:11     | 7165 ||| INVOKING Heroism.
  7198 | D:11     | Identified the +7 hand axe of Analysis {heavy, rF- rCorr
                  | Str+5}
  7307 | D:11     | 7307 ||| INVOKING Heroism.
  7392 | D:11     | Noticed a death yak
  7393 | D:11     | Noticed a death yak
  7394 | D:11     | 7394 ||| INVOKING Heroism.
  7399 | D:11     | Noticed a manticore
  7403 | D:11     | Noticed a death yak
  7403 | D:11     | Noticed a death yak
  7403 | D:11     | Noticed a death yak
  7404 | D:11     | Noticed a death yak
  7405 | D:11     | Killed a death yak
  7405 | D:11     | Noticed a death yak
  7406 | D:11     | Noticed a death yak
  7409 | D:11     | Noticed a death yak
  7410 | D:11     | Noticed a death yak
  7414 | D:11     | HP: 22/91 [death yak (2)]
  7415 | D:11     | 7415 ||| READING 7 scrolls of teleportation.
  7416 | D:11     | 7416 ||| INVOKING Heroism.
  7416 | D:11     | HP: 3/91 [death yak (21)]
  7416 | D:11     | Mangled by a death yak

Levels and vault maps discovered:
D:1:      lightli_arrival_noodles, layout_loops_ring, serial_aquarium,
          aquarium_bridge_straight [aquarium_subvault_bridge,
          aquarium_subvault_window, aquarium_subvault_bridge,
          aquarium_subvault_window], aquarium_window_3, aquarium_window_fake,
          aquarium_window_corner, aquarium_window_2, aquarium_view_2b,
          aquarium_view_2g, aquarium_pool_corner, due_unseen_surprise
D:2:      layout_loops_cross, shapermc_ecumenical_altar_mp_ritualfount,
          basic_altar
D:3:      layout_basic, hangedman_decor_opposing
D:4:      layout_loops_ring, minitemple, dk_xom_monty_hall,
          minmay_temple_entry_tees, serial_park_tiny_2
D:5:      layout_rooms, water_boxes_lemuel, uniq_menkaure, uniq_eustachio
D:6:      layout_basic, serial_shops, shop, st_stairs_6
D:7:      layout_layer_cave, nicolae_gozag_seed_capital, general_overflow_altar,
          uniq_duvessa
D:8:      layout_basic, mainiacjoe_overflow_divided_tiny, uniq_amaemon,
          uniq_pikel, uniq_gastronok, uniq_erica
D:9:      layout_roguey, nrook_mini_vaults, kennysheep_crisscross,
          hangedman_abyss_or_decor_lesser_grid
D:11:     layout_loops_ring, dpeg_lair_monsters, evilmike_butchery
Temple:   dpeg_chambers_temple

Skill      XL: |  1  2  3  4  5  6  7  8  9 10 |
---------------+-------------------------------+-----
Ranged Weapons | 3 4 5 6 7 8 10 12 13 | 13.4
Fighting       | 2 4 6 7 9 |  9.5
Invocations    | 2 4 5 |  5.2
Dodging        | 4 5 7 |  7.1
Armour         | 1 2 |  2.1
Spellcasting   | |  1.0
Hexes          | |  2.0

Action                     |  1- 3 |  4- 6 |  7- 9 | 10-12 || total
---------------------------+-------+-------+-------+-------++-------
   Fire: Sling             |   121 |   100 |   115 |       ||   336
         Orcbow            |       |       |   240 |   121 ||   361
 Invoke: Heroism           |       |       |    15 |     6 ||    21
    Use: Scroll            |     7 |     3 |     7 |     8 ||    25
         Potion            |       |     1 |     3 |     1 ||     5
 Armour: Robe              |     4 |       |       |       ||     4
         Leather armour    |     6 |    28 |    64 |    13 ||   111
  Dodge: Dodged            |    19 |    23 |   119 |    49 ||   210

Table legend:
 A = Non-vault XP
 B = Vault XP
 C = Vault XP percentage of total XP
 D = Non-vault monster count
 E = Vault monster count
 F = Vault count percentage of total count
                 A         B        C        D         E       F
            +---------+---------+-------+---------+---------+-------
      Total |    4772 |    5754 |  54.7 |     143 |      14 |   8.9
            +---------+---------+-------+---------+---------+-------
        D:1 |      22 |       0 |   0.0 |      13 |       0 |   0.0
        D:2 |      41 |       0 |   0.0 |      17 |       0 |   0.0
        D:3 |      81 |       0 |   0.0 |      12 |       0 |   0.0
        D:4 |     575 |      90 |  13.5 |      25 |       3 |  10.7
        D:5 |     411 |     354 |  46.3 |      14 |       2 |  12.5
        D:6 |     601 |     115 |  16.1 |      14 |       1 |   6.7
        D:7 |    1601 |     220 |  12.1 |      29 |       2 |   6.5
        D:8 |     757 |    4158 |  84.6 |      13 |       5 |  27.8
       D:11 |     683 |     817 |  54.5 |       6 |       1 |  14.3
            +---------+---------+-------+---------+---------+-------
